 Dungeon Crawl Stone Soup version 0.22-a0-815-gb582571 (webtiles) character file.

109 iamserjio the Sneak (level 4, 0/23 HPs)
             Began as a Spriggan Monk on July 23, 2018.
             Succumbed to a worker ant's poison
             ... on level 4 of the Dungeon.
             The game lasted 00:07:48 (1132 turns).

iamserjio the Sneak (Spriggan Monk)                 Turns: 1132, Time: 00:07:49

Health: 0/23       AC:  2    Str: 13    XL:     4   Next: 59%
Magic:  1/5        EV: 21    Int: 11    God:
Gold:   173        SH:  0    Dex: 18    Spells: 3/3 levels left

rFire    . . .     SeeInvis +   s - +2 dagger (flame)
rCold    . . .     Gourm    .   (shield restricted)
rNeg     . . .     Faith    .   b - +0 robe
rPois    .         Spirit   +   (helmet restricted)
rElec    .         Reflect  .   r - scarf {Spirit}
rCorr    .         Harm     .   (gloves unavailable)
MR       .....                  (boots unavailable)
Stlth    +++.......             (no amulet)
HPRegen  0.07/turn              (no ring)
MPRegen  0.09/turn              (no ring)

@: mighty, lethally poisoned (0 -> -9), very quick
A: very small, unfitting armour, see invisible, herbivore, speed 3, slow
metabolism 2
a: no special abilities


You were on level 4 of the Dungeon.
You were not hungry.

You visited 1 branch of the dungeon, and saw 4 of its levels.

You collected 173 gold pieces.

Inventory:

Hand Weapons
 a - a +0 short sword
 n - a +1 dagger of venom
 q - a +2 dagger of venom
 s - a +2 dagger of flaming (weapon)
Missiles
 l - 36 sling bullets
Armour
 b - a +0 robe (worn)
 r - a scarf of spirit shield (worn)
Jewellery
 g - a cursed ring of attention {unknown}
Scrolls
 f - a scroll of immolation {unknown}
 i - a scroll of identify {unknown}
 k - a scroll of teleportation
 m - a scroll of amnesia {unknown}
 w - a scroll of remove curse {unknown}
Potions
 e - 2 potions of cancellation
 h - a potion of degeneration {unknown}
 j - a potion of haste {unknown}
 o - a potion of curing {unknown}
 p - 2 potions of lignification
 t - a potion of flight {unknown}
 u - a potion of heal wounds {unknown}
 v - 2 potions of berserk rage {unknown}
Comestibles
 c - 6 rations


   Skills:
 - Level 2.4 Fighting
 - Level 4.0 Short Blades
 + Level 5.4 Dodging
 * Level 5.9 Stealth


You had 3 spell levels left.
You didn't know any spells.
Your spell library was empty.

Dungeon Overview and Level Annotations

Branches:
Dungeon (4/15)
 Temple: D:4-7

Altars:


Innate Abilities, Weirdness & Mutations

You are very small and have problems with some larger weapons.
You are too small for most types of armour.
You have supernaturally acute eyesight. (SInv)
You are a herbivore.
You cover ground extremely quickly.
You need to consume almost no food.


Message History

The worker ant barely misses you.
You hit the worker ant but do no damage.
The worker ant is heavily wounded.
The worker ant barely misses you.
You hit the worker ant but do no damage.
The worker ant is heavily wounded.
The worker ant barely misses you.
You hit the worker ant but do no damage.
The worker ant is heavily wounded.
The worker ant bites you.
* * * LOW HITPOINT WARNING * * *
You hit the worker ant but do no damage.
The worker ant is heavily wounded.
The worker ant bites you.
* * * LOW HITPOINT WARNING * * *
You are lethally poisoned!
The worker ant poisons you!
It was a potion of might.
You feel very mighty all of a sudden.
You die...

## .. .. ## ###
####### #####..#
#.....### .......#
#......+ .......#
#......# ..>....#
#....a.# ......####
#....@.#
......##...#......#
..##..##..........#
..##..##...##.....#
...o..#######.....#
..O...##...##.....##
.......#...#.......#
....l..#...#.......#
.......'...#.......#


You could see a worker ant.

Vanquished Creatures
  Terence (D:3)
  3 adders
  An ooze (D:2)
  2 worms
  A dart slug (D:3)
  A leopard gecko (D:2)
  3 orcs
  3 giant cockroaches
  3 goblins
  3 hobgoblins
  3 jackals (D:1)
  2 quokkas
  5 bats
  6 kobolds
  3 rats (D:2)
40 creatures vanquished.

Notes
Turn   | Place    | Note
-------+----------+-------------------------------------------
     0 | D:1      | iamserjio the Spriggan Monk began the quest for the Orb.
     0 | D:1      | Reached XP level 1. HP: 11/11 MP: 2/2
   165 | D:2      | Reached XP level 2. HP: 12/16 MP: 3/3
   303 | D:1      | Reached XP level 3. HP: 8/19 MP: 4/4
   662 | D:3      | Reached skill level 5 in Dodging
   715 | D:3      | Reached skill level 5 in Stealth
   825 | D:3      | Noticed Terence
   831 | D:3      | Killed Terence
   831 | D:3      | Reached XP level 4. HP: 5/23 MP: 5/5
   945 | D:4      | Noticed an ogre
   985 | D:4      | HP: 1/23 [orc/flail (3)]
  1131 | D:4      | HP: 1/23 [worker ant (2)]
  1132 | D:4      | Succumbed to a worker ant's poison

Vault maps used:
D:1:      saegor_arrival_simple_e
D:2:      first_ration
D:3:      minmay_misc_feat_encased, uniq_terence
D:4:      black_bear_nest_2

Skill      XL: |  1  2  3 |
---------------+----------+-----
Stealth        | 4 5 |  5.9
Dodging        | 5 |  5.4
Short Blades   | 4 |  4.0
Fighting       | |  2.4

Action                   |  1- 3 |  4- 6 || total
-------------------------+-------+-------++-------
Melee: Short sword       |    93 |       ||    93
       Dagger            |    13 |    36 ||    49
       Unarmed           |    12 |       ||    12
  Use: Potion            |     2 |     1 ||     3
       Scroll            |       |     2 ||     2
 Stab: Sleeping          |     6 |     3 ||     9
Armor: Robe              |    11 |       ||    11
       Skin              |     9 |       ||     9
Dodge: Dodged            |   101 |    28 ||   129

Table legend:
 A = Spawn XP
 B = Non-spawn XP
 C = Spawn XP percentage of total XP
 D = Spawn monster count
 E = Non-spawn monster count
 F = Spawn count percentage of total count
 G = Total turns spent on level
                    A         B        C        D         E        F      G
               +---------+---------+-------+---------+---------+-------+---------
         Total |       0 |     156 |   0.0 |       0 |      40 |   0.0 |  1132
               +---------+---------+-------+---------+---------+-------+---------
           D:1 |       0 |      12 |   0.0 |       0 |       8 |   0.0 |   190
           D:2 |       0 |      41 |   0.0 |       0 |      12 |   0.0 |   317
           D:3 |       0 |      93 |   0.0 |       0 |      16 |   0.0 |   392
           D:4 |       0 |      10 |   0.0 |       0 |       4 |   0.0 |   233
               +---------+---------+-------+---------+---------+-------+---------
